 Dungeon Crawl Stone Soup version 0.31-a0-728-g01b46875f1 (webtiles) character file.

Game seed: 2704937118688818529

56 randomguy2701 the Trooper (level 3, -1/34 HPs)
             Began as a Hill Orc Fighter on Sept 12, 2023.
             Succumbed to Sigmund's poison
             ... on level 2 of the Dungeon.
             The game lasted 00:01:32 (900 turns).

randomguy2701 the Trooper (Hill Orc Fighter)         Turns: 900, Time: 00:01:33

Health: -1/34      AC:  0    Str: 15 (18) XL:     3   Next: 97%
Magic:  3/3        EV: 17    Int:  5 (8)  God:
Gold:   39         SH:  0    Dex: 16 (17) Spells: 2/2 levels left

rFire   . . .        a - melded +0 war axe
rCold   . . .        c - melded +0 buckler
rNeg    . . .        b - melded +0 scale mail
rPois   .            (helmet currently unavailable)
rElec   .            (cloak currently unavailable)
rCorr   .            (gloves currently unavailable)
SInv    .            (boots currently unavailable)
Will    .....        (no amulet)
Stlth   +            g - melded +6 ring of dexterity
HPRegen 0.25/turn    j - melded ring of see invisible
MPRegen 0.08/turn

%: no passive effects
@: lethally poisoned (-1 -> -9), bat-form, flying, very quick
A: fast, flying, no casting, tiny
a: no special abilities


You were on level 2 of the Dungeon.
You were a bat.
You visited 1 branch of the dungeon, and saw 2 of its levels.

You collected 39 gold pieces.

Inventory:

Hand Weapons
 a - a +0 war axe (melded)
 p - the +7 trident of Indomitability {freeze, +Blink rF- rC+}
   (You found it on level 2 of the Dungeon)

   rF-:       It makes you vulnerable to fire.
   rC+:       It protects you from cold.
   +Blink:    It lets you blink.
Armour
 b - a +0 scale mail (melded)
 c - a +0 buckler (melded)
Jewellery
 g - a +6 ring of dexterity (melded)
 j - a ring of see invisible (melded)
Scrolls
 e - a scroll of enchant armour {unknown}
 k - 2 scrolls of fear {unknown}
 l - 3 scrolls of identify {unknown}
 m - a scroll of amnesia {unknown}
 n - a scroll of revelation {unknown}
Potions
 d - a potion of might
 h - 2 potions of degeneration
 i - a potion of curing {unknown}
 o - a potion of berserk rage {unknown}


   Skills:
 + Level 4.5 Fighting
 + Level 3.5 Axes
 + Level 3.6 Armour
 + Level 0.2 Dodging
 + Level 3.8 Shields


You had 2 spell levels left.
You didn't know any spells.
Your spell library contained the following spells:

 Spells                   Type           Power      Damage    Failure   Level
 Poisonous Vapours        Pois/Air       0%         N/A       63%         2
 Swiftness                Air            0%         N/A       85%         3
 Haunt                    Necr/Summ      0%         N/A       100%        7


Dungeon Overview and Level Annotations

Branches:
Dungeon (2/15)

Altars:

Annotations:
D:2 Sigmund


Message History

You are poisoned.
You barely miss Sigmund.
Sigmund is lightly wounded.
You feel very sick. You block Sigmund's attack.
Sigmund is nearby!
Sigmund is nearby!
Sigmund is nearby!
You hit Sigmund.
Sigmund is moderately wounded.
You feel sick.
Sigmund zaps a wand.
You resist with significant effort.
You closely miss Sigmund.
Sigmund is moderately wounded.
You feel sick. Sigmund gestures at you while chanting. The magic dart hits you!
You hit Sigmund.
Sigmund is heavily wounded.
You feel sick.
Sigmund zaps a wand.
You turn into a bat.
Your +0 war axe melds into your body.
Your +0 buckler melds into your body.
Your +0 scale mail melds into your body.
Your +6 ring of dexterity melds into your body.
Your ring of see invisible melds into your body.
You feel clumsy.
Unknown command.
You feel sick.
Sigmund hits you from afar with a +1 scythe of venom!
* * * LOW HITPOINT WARNING * * *
You are lethally poisoned!
* * * LOW HITPOINT WARNING * * *
You feel sick.
* * * LOW HITPOINT WARNING * * *
You feel sick.
It was a potion of degeneration.
There was something very wrong with that liquid.
You feel weakened.
You feel dopey.
You feel clumsy.
* * * LOW HITPOINT WARNING * * *
You feel sick.
It was a potion of lignification.
You feel woody for a moment.
You die...

#####.####### .## # # #.##
#####..###..
#####..#########........$!#
..............##...........
######..#####..#.†.(.......
##.# ##.#.).......# #.#
###.#........... ## #.#
#......@........ .## #.#
##...b........#. ..## #.#
#..>........... ...####..
##...........#. .#...#
#[..........# .###.###.##
#....$#.##### .###).....#
##...##.#
....###.#.#####.#.##.#
###..##.#............
##.##.........)..##


You could see Sigmund.

Vanquished Creatures
  A dart slug (D:2)
  7 bats
  4 endoplasms (D:1)
  4 giant cockroaches
  6 goblins (D:1)
  5 hobgoblins
  2 quokkas
  3 ball pythons (D:1)
  3 frilled lizards
  7 kobolds
  5 rats
47 creatures vanquished.

Notes
Turn   | Place    | Note
-------+----------+-------------------------------------------
     0 | D:1      | randomguy2701 the Hill Orc Fighter began the quest for the
                  | Orb.
     0 | D:1      | Reached XP level 1. HP: 19/19 MP: 1/1
    48 | D:1      | Reached XP level 2. HP: 17/27 MP: 2/2
   111 | D:1      | Reached skill level 4 in Fighting
   265 | D:1      | Reached XP level 3. HP: 33/33 MP: 3/3
   475 | D:1      | Got the Elucidation of Airy Dark Words
   791 | D:2      | Identified the +7 trident of Indomitability {freeze, +Blink
                  | rF- rC+}
   886 | D:2      | Noticed Sigmund
   899 | D:2      | HP: 1/34 [poisoned by Sigmund]
   900 | D:2      | Succumbed to Sigmund's poison

Illustrated notes

Levels and vault maps discovered:
D:1:      amcnicky_arrival_wind_blow, layout_basic, minmay_bisected
D:2:      layout_rooms, basic_altar, uniq_sigmund, uniq_natasha

Skill      XL: |  1  2 |
---------------+-------+-----
Fighting       | 4 |  4.5
Axes           | 3 |  3.5
Armour         | |  3.6
Dodging        | |  0.2
Shields        | |  3.8

Action                     || total
---------------------------++-------
  Melee: War axe           ||   116
    Use: Potion            ||     2
 Armour: Scale mail        ||    93
         Skin              ||     1
  Dodge: Dodged            ||    57
  Block: Buckler           ||    43

Table legend: (Time is in decaauts)
 A = Elapsed time spent in this place.
 B = Non-inter-level travel time spent in this place.
 C = Inter-level travel time spent in this place.
 D = Time resting spent in this place.
 E = Time spent auto-exploring this place.
 F = Levels seen in this place.
 G = Mean time per level.
                   A        B        C        D        E       F      G
               +--------+--------+--------+--------+--------+-----+--------+
         Total |    942 |    935 |      7 |      0 |    646 |   2 |  471.0 |
       Dungeon |    942 |    935 |      7 |      0 |    646 |   2 |  471.0 |
               +--------+--------+--------+--------+--------+-----+--------+

Top non-repeatable levels by time:
     D:1: 805 daAuts
     D:2: 137 daAuts
